 Dungeon Crawl Stone Soup version 0.25.1-2-g60ff931df9 (webtiles) character file.

Game seed: 9362381641450488269

121 RUZZLEFAZAZZLE the Magician (level 5, 0/43 HPs)
             Began as a Gnoll Wanderer on Aug 30, 2020.
             Succumbed to a scorpion's poison
             ... on level 4 of the Dungeon.
             The game lasted 00:05:25 (2828 turns).

RUZZLEFAZAZZLE the Magician (Gnoll Wanderer)        Turns: 2828, Time: 00:05:25

Health: 0/43       AC:  7    Str: 11 (13) XL:     5   Next: 5%
Magic:  12/12      EV: 10    Int: 15 (16) God:
Gold:   145        SH:  4    Dex: 13 (15) Spells: 14/14 levels left

rFire    + . .     SeeInvis .   a - +2 hand axe
rCold    x . .     Gourm    .   n - +0 buckler
rNeg     . . .     Faith    .   i - +1 ring mail
rPois    .         Spirit   .   (no helmet)
rElec    .         Reflect  .   (no cloak)
rCorr    .         Harm     .   (no gloves)
MR       .....                  (no boots)
Stlth    +.........             (no amulet)
HPRegen  0.14/turn              h - ring of fire
MPRegen  0.13/turn              (no ring)

@: lethally poisoned (0 -> -9)
A: distributed training, fangs 1, strong nose
a: no special abilities


You were on level 4 of the Dungeon.
You were very hungry.

You visited 1 branch of the dungeon, and saw 4 of its levels.

You collected 145 gold pieces.

Inventory:

Hand Weapons
 a - a +2 hand axe (weapon)
 b - a +0 hand crossbow
 q - a +1 mace of protection
Missiles
 c - 24 bolts
Armour
 e - a +0 robe
 i - a +1 ring mail (worn)
 n - a +0 buckler (worn)
Jewellery
 g - an uncursed ring of teleportation
 h - a ring of fire (left hand)
Scrolls
 d - 2 scrolls of teleportation
 j - 2 scrolls of blinking
 k - a scroll of remove curse
 m - a scroll of enchant armour
Comestibles
 f - 5 rations


   Skills:
 + Level 4.7 Fighting
 + Level 1.3 Short Blades
 + Level 1.3 Long Blades
 + Level 2.8 Axes
 + Level 1.3 Maces & Flails
 + Level 1.3 Polearms
 + Level 1.3 Staves
 + Level 1.3 Slings
 + Level 1.3 Bows
 + Level 1.3 Crossbows
 + Level 1.3 Throwing
 + Level 4.7 Armour
 + Level 1.3 Dodging
 + Level 2.6 Stealth
 + Level 1.3 Shields
 + Level 1.3 Unarmed Combat
 + Level 5.1 Spellcasting
 + Level 1.0 Conjurations
 + Level 1.0 Hexes
 + Level 1.0 Charms
 + Level 1.0 Summonings
 + Level 1.0 Necromancy
 + Level 1.0 Translocations
 + Level 2.3 Transmutations
 + Level 1.0 Fire Magic
 + Level 1.0 Ice Magic
 + Level 1.0 Air Magic
 + Level 1.0 Earth Magic
 + Level 1.0 Poison Magic
 + Level 1.4 Invocations
 + Level 2.8 Evocations


You had 14 spell levels left.
You didn't know any spells.
Your spell library was empty.

Dungeon Overview and Level Annotations

Branches:
Dungeon (4/15)
 Temple: D:4-7

Altars:


Innate Abilities, Weirdness & Mutations

Your experience applies equally to all skills.
You have very sharp teeth.
Your uncanny sense of smell can sniff out nearby items.


Message History

* * * LOW HITPOINT WARNING * * *
You feel sick. The scorpion stings you.
* * * LOW HITPOINT WARNING * * *
You aren't carrying any potions.
You aren't carrying any potions.
You aren't carrying any potions.
Okay, then.
You aren't carrying any potions.
You hit the scorpion but do no damage.
The scorpion is heavily wounded.
* * * LOW HITPOINT WARNING * * *
You feel sick. The scorpion closely misses you.
You barely miss the scorpion.
The scorpion is heavily wounded.
* * * LOW HITPOINT WARNING * * *
You feel sick. The scorpion stings you.
* * * LOW HITPOINT WARNING * * *
You closely miss the scorpion. Your bite misses the scorpion.
The scorpion is heavily wounded.
You die...

################
................
................
........@.......
####.....s###...
...........
............#
............#
..##........# ..
......#..#∆
#......#..+


You could see a scorpion.

Vanquished Creatures
  2 orc wizards (D:3)
  An ooze (D:1)
  A worm (D:3)
  4 dart slugs
  2 leopard geckos (D:2)
  8 orcs (D:3)
  A giant cockroach (D:2)
  2 hobgoblins
  2 jackals (D:1)
  2 kobolds (D:2)
  A quokka (D:3)
  2 ball pythons (D:2)
  4 bats
  A frilled lizard (D:2)
  4 goblins
  3 rats
40 creatures vanquished.

Notes
Turn   | Place    | Note
-------+----------+-------------------------------------------
     0 | D:1      | RUZZLEFAZAZZLE the Gnoll Wanderer began the quest for the
                  | Orb.
     0 | D:1      | RUZZLEFAZAZZLE set off with the following items: a +2 hand
                  | axe, a +0 hand crossbow, 24 bolts, a scroll of
                  | teleportation, a +0 robe, a ration
     0 | D:1      | Reached XP level 1. HP: 20/20 MP: 6/6
   318 | D:1      | Reached XP level 2. HP: 24/26 MP: 7/7
   991 | D:2      | Reached XP level 3. HP: 31/31 MP: 9/9
  1030 | D:2      | Reached skill level 5 in Spellcasting
  1821 | D:3      | Reached skill level 1 in Invocations
  2202 | D:3      | Reached skill level 1 in Short Blades
  2202 | D:3      | Reached skill level 1 in Long Blades
  2202 | D:3      | Reached skill level 1 in Maces & Flails
  2202 | D:3      | Reached skill level 1 in Polearms
  2202 | D:3      | Reached skill level 1 in Staves
  2202 | D:3      | Reached skill level 1 in Slings
  2202 | D:3      | Reached skill level 1 in Bows
  2202 | D:3      | Reached skill level 1 in Crossbows
  2202 | D:3      | Reached skill level 1 in Throwing
  2202 | D:3      | Reached skill level 1 in Dodging
  2202 | D:3      | Reached skill level 1 in Shields
  2202 | D:3      | Reached skill level 1 in Unarmed Combat
  2202 | D:3      | Reached XP level 4. HP: 25/38 MP: 11/11
  2358 | D:3      | Reached skill level 1 in Conjurations
  2358 | D:3      | Reached skill level 1 in Hexes
  2358 | D:3      | Reached skill level 1 in Charms
  2358 | D:3      | Reached skill level 1 in Summonings
  2358 | D:3      | Reached skill level 1 in Necromancy
  2358 | D:3      | Reached skill level 1 in Translocations
  2358 | D:3      | Reached skill level 1 in Fire Magic
  2358 | D:3      | Reached skill level 1 in Ice Magic
  2358 | D:3      | Reached skill level 1 in Air Magic
  2358 | D:3      | Reached skill level 1 in Earth Magic
  2358 | D:3      | Reached skill level 1 in Poison Magic
  2415 | D:3      | Reached XP level 5. HP: 38/43 MP: 12/12
  2827 | D:4      | HP: 2/43 [poisoned by a scorpion]
  2828 | D:4      | Succumbed to a scorpion's poison

Illustrated notes

Levels and vault maps discovered:
D:1:      dpeg_arrival_round_c, layout_loops_ring
D:2:      layout_loops_ring
D:3:      layout_basic, first_ration
D:4:      minmay_razor_zed, layout_basic, gammafunk_temple_overflow_claw,
          uniq_natasha

Skill      XL: |  1  2  3  4 |
---------------+-------------+-----
Transmutations | 2 |  2.3
Spellcasting   | 5 |  5.1
Invocations    | 1 |  1.4
Short Blades   | 1 |  1.3
Long Blades    | 1 |  1.3
Maces & Flails | 1 |  1.3
Polearms       | 1 |  1.3
Staves         | 1 |  1.3
Slings         | 1 |  1.3
Bows           | 1 |  1.3
Crossbows      | 1 |  1.3
Throwing       | 1 |  1.3
Dodging        | 1 |  1.3
Shields        | 1 |  1.3
Unarmed Combat | 1 |  1.3
Conjurations   | 1 |  1.0
Hexes          | 1 |  1.0
Charms         | 1 |  1.0
Summonings     | 1 |  1.0
Necromancy     | 1 |  1.0
Translocations | 1 |  1.0
Fire Magic     | 1 |  1.0
Ice Magic      | 1 |  1.0
Air Magic      | 1 |  1.0
Earth Magic    | 1 |  1.0
Poison Magic   | 1 |  1.0
Fighting       | |  4.7
Axes           | |  2.8
Armour         | |  4.7
Stealth        | |  2.6
Evocations     | |  2.8

Action                   |  1- 3 |  4- 6 || total
-------------------------+-------+-------++-------
Melee: Hand axe          |    50 |    45 ||    95
       Bite              |    11 |     1 ||    12
       Mace              |    61 |       ||    61
  Use: Scroll            |     6 |     2 ||     8
       Potion            |     4 |     4 ||     8
 Stab: Sleeping          |     2 |       ||     2
  Eat: Chunk             |     3 |     2 ||     5
Armor: Ring mail         |    45 |     9 ||    54
       Robe              |     1 |       ||     1
Dodge: Dodged            |    69 |    20 ||    89
Block: Buckler           |     4 |     2 ||     6
